 Dungeon Crawl Stone Soup version 0.31-a0-1093-gadecf4124d (webtiles) character file.

Game seed: 2621356897385932878

8592 Lmtl the Severer (level 11, -5/106 HPs)
             Began as a Minotaur Fighter on Nov 29, 2023.
             Was a Believer of Okawaru.
             Slain by a red devil
             ... wielding a +0 demon trident
              (10 damage)
             ... on level 10 of the Dungeon.
             The game lasted 00:11:21 (8363 turns).

Lmtl the Severer (Minotaur Fighter)                 Turns: 8363, Time: 00:11:21

Health: -5/106     AC: -4    Str: 28    XL:     11   Next: 11%
Magic:  11/11      EV:  7    Int:  5    God:    Okawaru [**....]
Gold:   564        SH:  0    Dex: 16    Spells: 10/10 levels left

rFire   . . .        p - +0 war axe (flame)
rCold   . . .        c - +0 buckler
rNeg    . . .        m - +1 plate armour
rPois   +            d - +2 hat
rElec   .            (no cloak)
rCorr   .            E - +0 pair of gloves
SInv    +            r - +2 pair of boots
Will    .....        b - amulet "Lupleamy" {Reflect Dex+3 SH+5 SInv} Stlth
                     i - ring of poison resistance
HPRegen 0.37/turn    z - +6 ring of strength
MPRegen 0.12/turn

%: reflection
@: confused, mighty, corroded, hasted, very quick
A: horns 2, retaliatory headbutt
a: Renounce Religion, Heroism


You were on level 10 of the Dungeon.
You worshipped Okawaru.
Okawaru was pleased with you.
You visited 2 branches of the dungeon, and saw 11 of its levels.
You visited the Abyss 1 time.
You also visited: Sewer.

You collected 564 gold pieces.

Inventory:

Hand Weapons
 p - a +0 war axe of flaming (weapon)
Missiles
 x - 8 poisoned darts
Armour
 c - a +0 buckler (worn)
 d - a +2 hat (worn)
 m - a +1 plate armour (worn)
 r - a +2 pair of boots (worn)
 E - a +0 pair of gloves (worn)
Jewellery
 b - the amulet "Lupleamy" (around neck) {Reflect Dex+3 SH+5 SInv}
   (You acquired it on level 7 of the Dungeon)

   [amulet of reflection]

   Reflect:   It reflects blocked missile attacks.
   Dex+3:     It affects your dexterity (+3).
   SInv:      It lets you see invisible.
   SH+5:      It affects your SH (+5).
 i - a ring of poison resistance (left hand)
 z - a +6 ring of strength (right hand)
 B - a ring of positive energy
 C - a ring of positive energy
Wands
 k - a wand of light (2)
 s - a wand of roots (13)
 t - a wand of mindburst (17) (quivered)
 F - a wand of digging (6)
Scrolls
 a - 2 scrolls of silence
 g - a scroll of torment
 h - a scroll of brand weapon
 j - 2 scrolls of fear
 o - 3 scrolls of enchant weapon
 q - a scroll of immolation {unknown}
 v - a scroll of identify
 y - 2 scrolls of teleportation
 A - a scroll of blinking
 G - 2 scrolls of revelation {unknown}
Potions
 e - 3 potions of degeneration {unknown}
 f - 3 potions of curing {unknown}
 l - a potion of ambrosia {unknown}
 n - 2 potions of haste
 u - a potion of heal wounds {unknown}
 w - a potion of berserk rage {unknown}
 D - a potion of mutation {unknown}
 H - a potion of enlightenment {unknown}


   Skills:
 + Level 12.9 Fighting
 * Level 15.6 Axes
 + Level 4.6 Armour
 + Level 4.5 Shields
 + Level 1.9 Invocations


You had 10 spell levels left.
You didn't know any spells.
Your spell library contained the following spells:

 Spells                   Type           Power      Damage    Failure   Level
 Sandblast                Erth           0%         2d4       100%        1
 Slow                     Hex            0%         N/A       100%        1
 Passwall                 Tmut/Erth      0%         N/A       100%        2
 Confusing Touch          Hex            0%         N/A       100%        3
 Sigil of Binding         Hex            0%         N/A       100%        3
 Stone Arrow              Conj/Erth      0%         3d7       100%        3
 Vampiric Draining        Necr           0%         2d6       100%        3
 Brom's Barrelling Bould  Conj/Erth      0%         2d3       100%        4
 Manifold Assault         Tloc           0%         N/A       100%        4
 Vhi's Electric Charge    Tloc/Air       0%         N/A       100%        4
 Arcjolt                  Conj/Air       0%         1d10      100%        5
 Dispersal                Tloc           0%         N/A       100%        6
 Plasma Beam              Fire/Air       0%         2x1d10    100%        6
 Disjunction              Tloc           0%         N/A       100%        8


Dungeon Overview and Level Annotations

Branches:
Dungeon (10/15)            Temple (1/1) D:7             Orc (0/2) D:10
  Sewer (visited)
   Lair: D:8-11

Altars:
Ashenzari
Cheibriados
Dithmenos
Elyvilon
Fedhas
Gozag
Hepliaklqana
Kikubaaqudgha
Makhleb
Nemelex Xobeh
Okawaru
Qazlal
Ru
Sif Muna
Trog
Uskayaw
Vehumet
Wu Jian
Xom
Yredelemnul
Zin
The Shining One

Annotations:
D:10 1 runed translucent door


Innate Abilities, Weirdness & Mutations

You have a pair of horns on your head.
You reflexively headbutt those who attack you in melee.


Message History

You hit the rust devil but do no damage.
The rust devil is almost dead.
You closely miss the shadow.
The red devil zaps a wand.
Your will is overpowered!
You are confused.
The rust devil hits you. The rust devil corrodes you! The shadow hits you.
You feel yourself speed up.
The red devil throws a stone.
The stone hits you!! The rust devil barely misses you. The shadow hits you.
You feel very mighty all of a sudden. The rust devil hits you!
* * * LOW HITPOINT WARNING * * *
The rust devil corrodes you! The shadow hits you.
* * * LOW HITPOINT WARNING * * *
You bump into the rock wall.
The rust devil hits you!
* * * LOW HITPOINT WARNING * * *
The rust devil corrodes you!
The rust devil attacks as it pursues you!
The rust devil barely misses you. The shadow attacks as it pursues you!
The shadow barely misses you.
You hit the rust devil but do no damage.
Your headbutt misses the rust devil.
The rust devil is almost dead.
You closely miss the shadow.
The red devil zaps a wand.
Your will is overpowered!
You are more confused.
The rust devil attacks as it pursues you!
The rust devil hits you.
* * * LOW HITPOINT WARNING * * *
The rust devil corrodes you!
The shadow slips into darkness.
The shadow flickers and vanishes for a moment.
You are too confused!
Unknown command.
Okay, then.
You barely miss the rust devil. Your headbutt misses the rust devil.
The rust devil is almost dead.
You closely miss the red devil. You hit the red devil but do no damage.
You hit the rust devil but do no damage.
The red devil hits you with a +0 demon trident!
You die...

#...#.
#....8#.....#
#.⌠.#.♣
#....########
...#..##........#
#.##+#.....##..#
#.........### ...
###.........# .
##........## #
####..<......
##.#.#..@.......#
..#.....W4.4.....##
.........##...#..#
........## ...#..#
....#.... .##....
... #....# ## #.#
.. ....... ... .
.......## ..
........#


You could see a rust devil, a red devil and a shadow (invisible).

Vanquished Creatures
  Gastronok (D:8)
  A cyclops (D:10)
  Joseph (D:8)
  4 gargoyles (D:7)
  An unseen horror (D:8)
  An ancient zyme (Abyss:1)
  A troll (D:10)
  Grinder (D:6)
  6 yaks (D:8)
  A wyvern (D:9)
  A steam dragon (D:9)
  An acid dragon (D:10)
  2 water moccasins
  Pargi (Sewer)
  A black bear (D:5)
  2 ogres (D:7)
  4 ice beasts
  A sky beast (shapeshifter) (D:10)
  4 centaurs
  2 phantoms
  A kobold brigand (D:8)
  3 scorpions
  A small abomination (Abyss:1)
  10 wights
  6 killer bees (D:10)
  2 howler monkeys
  3 hounds
  7 orc priests
  A gnoll bouda (D:6)
  A jelly (D:7)
  2 sleepcaps
  An iguana (D:5)
  9 orc wizards
  4 gnolls (D:6)
  7 adders
  2 white imps (D:6)
  2 worms
  3 dart slugs
  20 orcs
  8 ball pythons
  2 endoplasms
  4 giant cockroaches
  3 goblins (D:1)
  10 hobgoblins
  4 jackals (D:3)
  6 quokkas
  9 bats
  5 frilled lizards
  5 kobolds
  A rat (D:3)
179 creatures vanquished.

Notes
Turn   | Place    | Note
-------+----------+-------------------------------------------
     0 | D:1      | Lmtl the Minotaur Fighter began the quest for the Orb.
     0 | D:1      | Reached XP level 1. HP: 19/19 MP: 0/0
   146 | D:1      | Found a faded altar of an unknown god.
   181 | D:1      | Reached XP level 2. HP: 26/27 MP: 1/1
   184 | D:1      | Reached skill level 3 in Axes
   712 | D:2      | Reached XP level 3. HP: 25/34 MP: 2/2
  1117 | D:2      | Reached skill level 4 in Axes
  1185 | D:2      | Reached XP level 4. HP: 39/41 MP: 3/3
  1463 | D:2      | Reached skill level 5 in Fighting
  1825 | D:3      | Noticed a water moccasin
  1836 | D:3      | Killed a water moccasin
  1837 | D:3      | Reached skill level 5 in Axes
  1837 | D:3      | Reached XP level 5. HP: 33/50 MP: 4/4
  2537 | D:4      | Reached XP level 6. HP: 35/58 MP: 5/5
  2818 | D:5      | Entered Level 5 of the Dungeon
  2849 | D:5      | Reached skill level 6 in Axes
  3110 | D:5      | Found a glowing drain.
  3121 | Sewer    | Entered a sewer
  3187 | Sewer    | Noticed Pargi
  3194 | Sewer    | Killed Pargi
  3195 | Sewer    | Reached XP level 7. HP: 55/66 MP: 6/6
  3390 | D:5      | Reached skill level 7 in Axes
  3973 | Abyss:1  | Cast into level 1 of the Abyss (gnoll)
  4034 | Abyss:1  | Reached skill level 8 in Axes
  4036 | Abyss:1  | Noticed a raiju
  4036 | Abyss:1  | Noticed a raiju
  4036 | Abyss:1  | Noticed a raiju
  4036 | Abyss:1  | Noticed a raiju
  4125 | Abyss:1  | Noticed an ancient zyme
  4131 | Abyss:1  | Killed an ancient zyme
  4132 | Abyss:1  | Reached XP level 8. HP: 74/77 MP: 7/7
  4134 | D:6      | Escaped the Abyss
  4142 | D:6      | Reached skill level 9 in Axes
  4243 | D:6      | Identified the +0 cloak of the First Snow {+Blink rPois rC-
                  | Int+4}
  4399 | D:6      | Reached skill level 10 in Axes
  4462 | D:6      | Noticed Grinder
  4470 | D:6      | Killed Grinder
  4507 | D:6      | Reached XP level 9. HP: 73/85 MP: 8/8
  4598 | D:6      | Found a shadowy altar of Dithmenos.
  4797 | D:7      | Noticed a gargoyle
  4805 | D:7      | HP: 2/85 [gargoyle/stone arrow (4)]
  5053 | D:7      | Killed a gargoyle
  5054 | D:7      | Reached skill level 10 in Fighting
  5054 | D:7      | Reached skill level 11 in Axes
  5063 | D:7      | Identified the +3 trident of Zaub Cexedd {drain, rN++}
  5069 | D:7      | Noticed a gargoyle
  5071 | D:7      | Killed a gargoyle
  5074 | D:7      | Noticed a gargoyle
  5077 | D:7      | Killed a gargoyle
  5078 | D:7      | Reached skill level 12 in Axes
  5098 | D:7      | Noticed a gargoyle
  5103 | D:7      | Killed a gargoyle
  5120 | D:7      | Identified a scroll of acquirement
  5120 | D:7      | Acquired the amulet "Lupleamy" {Reflect Dex+3 SH+5 SInv}
  5299 | D:7      | Found a staircase to the Ecumenical Temple.
  5501 | D:7      | Reached skill level 13 in Axes
  5561 | Temple   | Entered the Ecumenical Temple
  5570 | Temple   | Became a worshipper of Warmaster Okawaru
  5979 | D:8      | Noticed Gastronok
  5997 | D:8      | Killed Gastronok
  5998 | D:8      | Reached skill level 14 in Axes
  5998 | D:8      | Reached XP level 10. HP: 20/97 MP: 9/9
  6004 | D:8      | HP: 1/97 [orc priest/divine providence (11)]
  6335 | D:8      | Reached * piety under Okawaru
  6477 | D:8      | Reached skill level 15 in Axes
  6487 | D:8      | Noticed Joseph
  6512 | D:8      | Killed Joseph
  6512 | D:8      | Reached ** piety under Okawaru
  7529 | D:9      | Reached skill level 1 in Invocations
  7788 | D:9      | Found a glowing silver altar of Zin.
  7793 | D:9      | Found a white marble altar of Elyvilon.
  7868 | D:10     | Entered Level 10 of the Dungeon
  7938 | D:10     | Noticed a cyclops
  7949 | D:10     | Killed a cyclops
  7950 | D:10     | Reached XP level 11. HP: 106/106 MP: 9/11
  8260 | D:10     | Found a staircase to the Orcish Mines.
  8334 | D:10     | Found a runed translucent door.
  8361 | D:10     | HP: 4/106 [rust devil (5)]
  8363 | D:10     | Slain by a red devil

Illustrated notes

Levels and vault maps discovered:
D:1:      spicycebolla_arrival_clurvy, layout_loops_ring,
          hellmonk_ecumenical_altar_arch_garden
D:2:      layout_loops_corners, roderic_serpentine_path,
          chequers_serial_rivers_micro_d, serial_bayou_ford_a
D:3:      layout_rooms
D:4:      minmay_bubble_buster, layout_loops_cross, uniq_pikel
D:5:      layout_loops_corners, cheibrodos_sewer_entry_bend, serial_rivers,
          chequers_serial_rivers_small_b, chequers_serial_rivers_marsh,
          chequers_serial_rivers_micro_a, chequers_serial_rivers_small_a,
          kennysheep_donut
D:6:      layout_cave_pools, mainiacjoe_overflow_boulevard, uniq_grinder
D:7:      cheibrodos_statue_roulette, layout_layer_cave,
          minmay_temple_entry_statues_fountains
D:8:      layout_cave_pools, uniq_joseph, uniq_gastronok
D:9:      layout_loops_ring, minitemple, kennysheep_nondescript
D:10:     kennysheep_six_static_rooms, layout_cave_pools,
          minmay_orc_entry_temple_small, muffindrake_ghost_dual_entry,
          nicolae_where_there's_smoke
Temple:   compressed_dpeg_triangle_lava_temple

Skill      XL: |  1  2  3  4  5  6  7  8  9 10 |
---------------+-------------------------------+-----
Fighting       | 4 6 7 8 9 11 12 | 12.9
Axes           | 3 4 5 6 8 10 14 15 | 15.6
Armour         | 4 |  4.6
Shields        | 4 |  4.5
Invocations    | 1 |  1.9

Action                     |  1- 3 |  4- 6 |  7- 9 | 10-12 || total
---------------------------+-------+-------+-------+-------++-------
  Melee: War axe           |    72 |   104 |   137 |   148 ||   461
         Headbutt          |     7 |    14 |    34 |    26 ||    81
  Throw: Dart              |       |       |     3 |     9 ||    12
 Invoke: Heroism           |       |       |       |     2 ||     2
  Evoke: Wand              |       |       |       |     6 ||     6
    Use: Scroll            |       |     7 |     7 |       ||    14
         Potion            |       |       |     3 |     2 ||     5
 Armour: Scale mail        |    56 |    84 |       |       ||   140
         Plate armour      |       |       |   108 |   123 ||   231
  Dodge: Dodged            |    43 |    53 |    33 |    40 ||   169
  Block: Buckler           |    15 |    36 |    35 |    76 ||   162
         Reflection        |       |       |       |    16 ||    16

Table legend: (Time is in decaauts)
 A = Elapsed time spent in this place.
 B = Non-inter-level travel time spent in this place.
 C = Inter-level travel time spent in this place.
 D = Time resting spent in this place.
 E = Time spent auto-exploring this place.
 F = Levels seen in this place.
 G = Mean time per level.
                   A        B        C        D        E       F      G
               +--------+--------+--------+--------+--------+-----+--------+
         Total |   8403 |   8053 |    350 |   1137 |   5390 |  13 |  646.4 |
       Dungeon |   8055 |   7721 |    334 |   1088 |   5271 |  10 |  805.5 |
        Temple |     18 |      2 |     16 |      0 |      0 |   1 |   18.0 |
         Abyss |    163 |    163 |      0 |     49 |      0 |   1 |  163.0 |
         Sewer |    165 |    165 |      0 |      0 |    119 |   1 |  165.0 |
               +--------+--------+--------+--------+--------+-----+--------+

Top non-repeatable levels by time:
     D:7: 1211 daAuts
     D:2: 1144 daAuts
     D:5: 1001 daAuts
     D:6: 891 daAuts
     D:9: 842 daAuts
     D:8: 759 daAuts
     D:1: 680 daAuts
     D:4: 584 daAuts
    D:10: 477 daAuts
     D:3: 461 daAuts
   Sewer: 165 daAuts
 Abyss:1: 163 daAuts
  Temple: 18 daAuts
